 Dungeon Crawl Stone Soup version 0.31-a0-175-g9f7f995f2b (webtiles) character file.

Game seed: 10536111990840224626

231 olmar the Cudgeller (level 6, -4/52 HPs)
             Began as a Meteoran Fighter on June 18, 2023.
             Slain by a gnoll
             ... wielding a +0 halberd
              (10 damage)
             ... on level 4 of the Dungeon.
             The game lasted 00:03:39 (798 turns).

olmar the Cudgeller (Meteoran Fighter)               Turns: 798, Time: 00:03:40

Health: -4/52      AC:  8    Str: 21      XL:     6   Next: 50%
Magic:  7/7        EV:  9    Int:  6 (9)  God:
Gold:   44         SH:  5    Dex: 11 (13) Spells: 5/5 levels left

rFire   . . .        a - +0 flail
rCold   . . .        c - +0 buckler
rNeg    . . .        b - +0 scale mail
rPois   .            (no helmet)
rElec   .            g - +0 cloak
rCorr   .            (no gloves)
SInv    .            (no boots)
Will    .....        (no amulet) Stlth
                     (no ring)
HPRegen 0.28/turn    (no ring)
MPRegen 0.10/turn

%: no passive effects
@: glowing
A: sense surroundings 1, otherworldly, glowing, explore regen
a: no special abilities


You were on level 4 of the Dungeon.
You visited 1 branch of the dungeon, and saw 4 of its levels.

You collected 44 gold pieces.

Inventory:

Hand Weapons
 a - a +0 flail (weapon)
Missiles
 f - 2 poisoned darts
Armour
 b - a +0 scale mail (worn)
 c - a +0 buckler (worn)
 g - a +0 cloak (worn)
 n - a +0 chain mail
Scrolls
 d - a scroll of noise {unknown}
 e - 2 scrolls of identify {unknown}
 h - 2 scrolls of vulnerability
 j - a scroll of blinking {unknown}
 k - a scroll of teleportation {unknown}
 l - a scroll of brand weapon {unknown}
 m - 2 scrolls of poison {unknown}
 p - a scroll of enchant weapon {unknown}
 q - a scroll of immolation {unknown}
Potions
 o - a potion of attraction {unknown}


   Skills:
 + Level 4.2 Fighting
 + Level 5.1 Maces & Flails
 + Level 4.9 Armour
 + Level 1.2 Dodging
 + Level 4.7 Shields


You had 5 spell levels left.
You didn't know any spells.
Your spell library contained the following spells:

 Spells                   Type           Power      Damage    Failure   Level
 Sting                    Tmut/Pois      0%         1d3       85%         1
 Blink                    Tloc           0%         N/A       94%         2
 Lesser Beckoning         Tloc           0%         N/A       94%         2
 Momentum Strike          Conj/Tloc      0%         3d8       94%         2
 Poisonous Vapours        Pois/Air       0%         N/A       94%         2
 Olgreb's Toxic Radiance  Pois           0%         N/A       100%        4


Dungeon Overview and Level Annotations

Branches:
Dungeon (4/15) Zot: 2180
 Temple: D:4-7

Altars:


Innate Abilities, Weirdness & Mutations

You passively map a small area around you.
You are easily found by Zot.
You glow in the dark.
You regain HP and MP as you explore.


Message History

Unknown command.
Unknown command.
You are too injured to fight recklessly!
Unknown command.
You are too injured to fight recklessly!
Okay, then.
Okay, then.
Aiming: Mindburst
Press: ? - help, Shift-Dir - straight line, f - gnoll
Aim: a gnoll, wielding a +0 flail and quivering a throwing net (chance to affect: 72%)
The gnoll struggles to resist.
The gnoll barely misses you. The gnoll hits you but does no damage.
You block the gnoll's attack.
Unknown command.
Unknown command.
Aiming: Mindburst
Press: ? - help, Shift-Dir - straight line, f - gnoll, p - gnoll
Aim: a gnoll, wielding a +1 heavy halberd (heavily wounded, chance to affect: 72%)
The gnoll's mind is blasted!
You blow up the gnoll!
The gnoll hits you but does no damage. The gnoll hits you with a +0 flail.
Unknown command.
Aiming: Mindburst
Press: ? - help, Shift-Dir - straight line, f - gnoll
Aim: a gnoll, wielding a +0 flail and quivering a throwing net (chance to affect: 72%)
The gnoll's mind is blasted!
You blow up the gnoll!
The now-empty wand crumbles to dust.
The gnoll hits you from afar with a +0 halberd!
* * * LOW HITPOINT WARNING * * *
You feel your strength returning.
Your Maces & Flails skill increases to level 5!
Unknown command.
You aren't carrying any items that you can evoke.
The gnoll barely misses you.
Okay, then.
You aren't carrying any items that you can evoke.
The gnoll hits you from afar with a +0 halberd.
* * * LOW HITPOINT WARNING * * *
The gnoll hits you from afar with a +0 halberd!
You die...

#.# ...#*
...#....., , *
...#..... , , *
..#.... #####
####...##+####...#
..##)..##...##...#
..#..............#
..+...........g..#
..#.............@#
..#..............#
..####'##........#
........#.)).....#
........#........#
........#........#
........#........#
........#........#
##......#........#


You could see a gnoll.

Vanquished Creatures
  Sigmund (D:2)
  Ijyb (D:3)
  2 gnolls (D:4)
  An adder (D:3)
  A worm (D:2)
  An orc (D:4)
  A ball python (D:2)
  2 bats
  4 endoplasms
  3 goblins
  2 hobgoblins
  3 jackals (D:1)
  2 frilled lizards
  2 rats (D:1)
26 creatures vanquished.

Notes
Turn   | Place    | Note
-------+----------+-------------------------------------------
     0 | D:1      | olmar the Meteoran Fighter began the quest for the Orb.
     0 | D:1      | Reached XP level 1. HP: 19/19 MP: 2/2
   175 | D:1      | Reached XP level 2. HP: 26/26 MP: 3/3
   353 | D:2      | Reached skill level 3 in Maces & Flails
   353 | D:2      | Reached XP level 3. HP: 30/31 MP: 4/4
   422 | D:2      | Noticed Sigmund
   433 | D:2      | Killed Sigmund
   434 | D:2      | Reached skill level 4 in Maces & Flails
   434 | D:2      | Reached skill level 1 in Dodging
   434 | D:2      | Reached XP level 4. HP: 30/40 MP: 5/5
   434 | D:2      | Reached XP level 5. HP: 34/46 MP: 6/6
   434 | D:2      | Reached XP level 6. HP: 39/52 MP: 7/7
   497 | D:3      | Noticed Ijyb
   512 | D:3      | Killed Ijyb
   790 | D:4      | Reached skill level 5 in Maces & Flails
   798 | D:4      | Slain by a gnoll

Illustrated notes

Levels and vault maps discovered:
D:1:      evilmike_arrival_plus, layout_basic, serial_shops,
          nicolae_diamond_shop, nrook_mini_backslash
D:2:      layout_basic, uniq_sigmund
D:3:      layout_basic, serial_shops, nicolae_shop_trees, uniq_ijyb,
          uniq_jessica
D:4:      layout_gridville

Skill      XL: |  1  2  3  4  5  6 |
---------------+-------------------+-----
Shields        | 4 |  4.7
Maces & Flails | 3 4 5 |  5.1
Armour         | 4 |  4.9
Fighting       | 4 |  4.2
Dodging        | 1 |  1.2

Action                     |  1- 3 |  4- 6 || total
---------------------------+-------+-------++-------
  Melee: Flail             |    57 |    31 ||    88
  Evoke: Wand              |       |     3 ||     3
    Use: Potion            |     1 |     3 ||     4
         Scroll            |       |     1 ||     1
 Armour: Scale mail        |    26 |    20 ||    46
         Skin              |       |    25 ||    25
  Dodge: Dodged            |    19 |     9 ||    28
  Block: Buckler           |     8 |    10 ||    18

Table legend: (Time is in decaauts)
 A = Elapsed time spent in this place.
 B = Non-inter-level travel time spent in this place.
 C = Inter-level travel time spent in this place.
 D = Time resting spent in this place.
 E = Time spent auto-exploring this place.
 F = Levels seen in this place.
 G = Mean time per level.
                   A        B        C        D        E       F      G
               +--------+--------+--------+--------+--------+-----+--------+
         Total |    819 |    790 |     29 |     25 |      0 |   4 |  204.8 |
       Dungeon |    819 |    790 |     29 |     25 |      0 |   4 |  204.8 |
               +--------+--------+--------+--------+--------+-----+--------+

Top non-repeatable levels by time:
     D:1: 307 daAuts
     D:2: 205 daAuts
     D:4: 169 daAuts
     D:3: 136 daAuts
